 Dungeon Crawl Stone Soup version 0.18.1-2-ga659475 (webtiles) character file.

11974 varam the Basher (level 11, -1/71 HPs)
             Began as a Gargoyle Fighter on May 8, 2016.
             Was an Initiate of Gozag.
             Slain by a blink frog (10 damage)
             ... on level 1 of the Lair of Beasts.
             The game lasted 00:43:09 (13052 turns).

varam the Basher (Gargoyle Fighter)                Turns: 13052, Time: 00:43:10

Health: -1/71      AC: 22    Str: 24    XL:     11   Next: 86%
Magic:  20/20      EV: 10    Int: 11    God:    Gozag
Gold:   602        SH: 11    Dex: 13    Spells: 1 memorised, 7 levels left

rFire  . . .     SeeInvis .     d - +7 trident of Popular Demand {drain, Str+4}
rCold  . . .     Gourm    .     a - +2 scale mail {MR+}
rNeg   + . .     Faith    .     c - +0 shield
rPois  ∞         Spirit   .     z - +1 helmet
rElec  +         Dismiss  .     B - +1 cloak
rCorr  .         Reflect  .     (no gloves)
SustAt .         Harm     +     (no boots)
MR     +....                    S - amulet of harm
Stlth  ..........               U - +3 ring of dexterity
                                u - ring of magical power

@: gold aura, somewhat resistant to hostile enchantments, extremely unstealthy
A: negative energy resistance 1, electricity resistance, unbreathing,
petrification resistance, rot immunity, AC +7
a: Potion Petition, Call Merchant, Bribe Branch, Renounce Religion


You were on level 1 of the Lair of Beasts.
You worshipped Gozag.
Gozag was noncommittal.
You were hungry.

You visited 2 branches of the dungeon, and saw 12 of its levels.

You collected 2243 gold pieces.
You spent 609 gold pieces at shops.
You paid 1032 gold pieces to Gozag.

Inventory:

Hand Weapons
 d - the +7 trident of Popular Demand (weapon) {drain, Str+4}
   (You found it on level 1 of the Lair of Beasts)

   A truly terrible weapon, it drains the life of those it strikes.
   It affects your strength (+4).
 w - a +2 whip of flaming
 P - a +0 broad axe of chopping
 Q - a +0 flail of draining
Armour
 a - a +2 scale mail of magic resistance (worn)
 c - a +0 shield (worn)
 z - a +1 helmet (worn)
 B - a +1 cloak (worn)
Jewellery
 u - a ring of magical power (left hand)
 S - an amulet of harm (around neck)
 U - a +3 ring of dexterity (right hand)
 X - an uncursed ring of protection from fire
Wands
 s - a wand of iceblast (7/15)
 H - a wand of digging (8/24)
 V - a wand of lightning (5/15)
 W - a wand of acid (8/15)
Scrolls
 e - 2 scrolls of teleportation
 o - 3 scrolls of magic mapping
 v - a scroll of remove curse
 x - a scroll of fog
 K - 2 scrolls of recharging
 M - a scroll of blinking
Potions
 f - a potion of magic {unknown}
 i - 7 potions of curing
 l - 5 potions of resistance
 n - 2 potions of haste {unknown}
 N - a potion of agility
Books
 b - a book of Misfortune

   Spells                             Type                      Level
   a - Confusing Touch                Hexes                        2
   b - Confuse                        Hexes                        3
   c - Gell's Gravitas                Hexes/Translocation          3
   d - Petrify                        Transmutation/Earth          4
   e - Metabolic Englaciation         Hexes/Ice                    5
   f - Yara's Violent Unravelling     Hexes/Transmutation          5
Miscellaneous
 O - an ornate deck of wonders
Comestibles
 T - 7 fruits


   Skills:
 - Level 9.0 Fighting
 * Level 13.4 Maces & Flails
 - Level 7.3 Armour
 - Level 4.4 Dodging
 - Level 7.2 Shields


You had 7 spell levels left.
You knew the following spells:

 Your Spells              Type           Power        Failure   Level  Hunger
a - Confuse               Hex            #.......     100%        3    ####...


Dungeon Overview and Level Annotations

Branches:
Dungeon (11/15)            Temple (0/1) D:7            Lair (1/8) D:10
    Orc: D:9-12

Altars:
Cheibriados
Fedhas
Gozag
Nemelex Xobeh
Okawaru
Pakellas
Trog
Xom
Yredelemnul
Zin
The Shining One

Shops:
D:4 (   D:8 (*   D:10 (


Innate Abilities, Weirdness & Mutations

You are resistant to torment.
Your stone body is resilient (AC +7).
You are immune to poison.
You resist negative energy.
You are resistant to electric shocks.
You can survive without breathing.
You are immune to petrification.
You are immune to rotting.


Message History

You are too injured to fight recklessly!
You are too injured to fight recklessly!
You are too injured to fight recklessly!
Wield which item (- for none, * to show all)? (? for menu, Esc to quit)
You sense an unholy aura.
d - the +7 trident of Popular Demand (weapon)
{drain, Str+4} The blink frog hits you but does no damage.
Your shield and scale mail prevent you from hitting the blink frog.
The blink frog is heavily wounded.
You block the blink frog's attack.
The blink frog hits you but does no damage.
You impale the blink frog!!
You kill the blink frog!
You barely miss the blink frog.
The blink frog is heavily wounded.
The blink frog hits you!
* * * LOW HITPOINT WARNING * * *
The blink frog hits you!
You die...
Your body crumbles into a pile of gold.

.........................
.###.......#...##....#P...#.
..........+.....#...+.......
..#......#.....#...#.......
........P.........P....... .
#......P.....#...P.......
...+............#...#.......
.........$#.....#...###.##.#
#.......F@...(............
......$...###..P............
............................
..................?.........
...........$................
............................
............................
#####...###.%...##....##.###
.


You could see a blink frog.

Vanquished Creatures
  A hydra (D:11)
  A hill giant (D:10)
  A komodo dragon (Lair:1)
  3 trolls
  A two-headed ogre (D:8)
  Grinder (D:4)
  2 blink frogs (Lair:1)
  A wyvern (D:8)
  Sigmund (D:6)
  21 yaks
  A hungry ghost (D:8)
  A hippogriff (D:8)
  A steam dragon (D:8)
  2 water moccasins
  Duvessa (D:6)
  4 sky beasts
  2 ice beasts
  2 black bears
  2 ogres
  2 orc warriors
  A necrophage (D:8)
  4 centaurs
  The ghost of daning the Charmwright, an amateur HESk (D:3)
  2 crocodiles (Lair:1)
  6 giant frogs
  A gnoll sergeant (D:8)
  Dowan (D:6)
  A scorpion (D:7)
  13 killer bees
  18 wights
  3 howler monkeys
  A centaur zombie (D:5)
  6 crimson imps
  2 giant frog zombies
  3 hounds
  A quasit (D:8)
  A jelly (D:10)
  8 orc wizards
  An orc priest (D:6)
  A giant frog skeleton (D:4)
  6 worker ants
  A killer bee zombie (D:7)
  2 hound zombies
  A worker ant zombie (D:10)
  A howler monkey skeleton (D:2)
  14 gnolls
  11 adders
  9 river rats (Lair:1)
  3 shadow imps (D:10)
  2 oozes (D:1)
  4 adder skeletons
  3 adder zombies
  4 worms
  2 dart slugs
  4 giant geckos
  22 orcs
  A ball python (D:6)
  5 giant cockroaches
  8 goblins
  6 hobgoblins
  13 jackals
  7 kobolds
  4 quokkas
  4 bats
  A giant gecko skeleton (D:4)
  A giant gecko zombie (D:2)
  2 giant newts
  A quokka skeleton (D:6)
  A quokka zombie (D:5)
  11 rats
280 creatures vanquished.

Notes
Turn   | Place    | Note
--------------------------------------------------------------
     0 | D:1      | varam the Gargoyle Fighter began the quest for the Orb.
     0 | D:1      | Reached XP level 1. HP: 14/14 MP: 1/1
    46 | D:1      | Reached XP level 2. HP: 19/19 MP: 2/2
  1243 | D:2      | Reached XP level 3. HP: 24/24 MP: 3/3
  1646 | D:2      | Found a snail-covered altar of Cheibriados.
  1675 | D:2      | Reached XP level 4. HP: 29/29 MP: 4/4
  1733 | D:2      | Reached skill level 3 in Maces & Flails
  2116 | D:3      | Noticed daning's ghost (amateur HESk)
  2205 | D:2      | Reached XP level 5. HP: 33/33 MP: 5/5
  2531 | D:3      | Killed daning's ghost
  2654 | D:4      | Noticed Grinder
  2679 | D:4      | Reached skill level 4 in Maces & Flails
  2679 | D:4      | Reached XP level 6. HP: 39/39 MP: 6/6
  2733 | D:4      | Killed Grinder
  2733 | D:4      | Reached skill level 6 in Maces & Flails
  2733 | D:4      | Reached XP level 7. HP: 35/44 MP: 7/7
  3142 | D:4      | Found a bloodstained altar of Trog.
  3160 | D:5      | Entered Level 5 of the Dungeon
  3160 | D:5      | Found a shimmering altar of Xom.
  3179 | D:5      | Reached skill level 7 in Maces & Flails
  3378 | D:5      | Found an opulent altar of Gozag.
  3451 | D:5      | Became a worshipper of Gozag Ym Sagoz the Greedy
  3496 | D:5      | Reached skill level 8 in Maces & Flails
  3496 | D:5      | Reached XP level 8. HP: 46/48 MP: 8/8
  3777 | D:6      | Noticed Duvessa
  3778 | D:6      | Noticed Dowan
  4249 | D:6      | Killed Duvessa
  4249 | D:6      | Reached skill level 9 in Maces & Flails
  4279 | D:6      | Killed Dowan
  4332 | D:6      | Reached skill level 5 in Fighting
  4460 | D:6      | Found a bloodstained altar of Trog.
  4482 | D:6      | Found an oddly glowing altar of Pakellas.
  4850 | D:6      | Reached XP level 9. HP: 52/55 MP: 9/9
  4857 | D:6      | Reached skill level 10 in Maces & Flails
  4908 | D:6      | Noticed Sigmund
  4922 | D:6      | Killed Sigmund
  5191 | D:6      | Found an iron altar of Okawaru.
  5272 | D:6      | Reached skill level 11 in Maces & Flails
  5485 | D:8      | Found Umazing's Food Emporium.
  5899 | D:7      | Found a glowing golden altar of the Shining One.
  5955 | D:7      | Found a staircase to the Ecumenical Temple.
  6129 | D:7      | Reached XP level 10. HP: 62/63 MP: 10/10
  6222 | D:7      | Reached skill level 12 in Maces & Flails
  6324 | D:7      | Reached skill level 1 in Dodging
  6368 | D:7      | Found a sparkling altar of Nemelex Xobeh.
  6753 | D:8      | Found Uboggepn's Weapon Emporium.
  6848 | D:8      | Reached skill level 5 in Armour
  6907 | D:8      | Reached skill level 5 in Shields
  7146 | D:8      | Found Deoreume's General Store.
  7159 | D:8      | Bought a potion of agility for 52 gold pieces
  7159 | D:8      | Bought a potion of curing for 39 gold pieces
  7627 | D:4      | Bought a runed broad axe for 104 gold pieces
  7627 | D:4      | Bought a glowing flail for 91 gold pieces
  8052 | D:8      | Bought a bread ration for 55 gold pieces
  8052 | D:8      | Bought a beef jerky for 16 gold pieces
  8052 | D:8      | Bought 2 fruits for 33 gold pieces
  8052 | D:8      | Bought a royal jelly for 22 gold pieces
  8052 | D:8      | Bought a beef jerky for 16 gold pieces
  8052 | D:8      | Bought a bread ration for 55 gold pieces
  8052 | D:8      | Bought a fruit for 16 gold pieces
  8052 | D:8      | Bought a meat ration for 55 gold pieces
  8052 | D:8      | Bought a bread ration for 55 gold pieces
  8175 | D:9      | Found a glowing silver altar of Zin.
  9254 | D:9      | Found a glowing golden altar of the Shining One.
  9373 | D:9      | Reached XP level 11. HP: 54/69 MP: 11/11
  9737 | D:9      | Found a blossoming altar of Fedhas.
 10182 | D:10     | Entered Level 10 of the Dungeon
 10207 | D:10     | Found Uhiphist's Weapon Emporium.
 10272 | D:10     | Noticed a hill giant
 10288 | D:10     | HP: 2/69 [hill giant/giant spiked club (34)]
 10293 | D:10     | Killed a hill giant
 10957 | D:10     | Found a staircase to the Lair.
 12128 | D:11     | Noticed an eight-headed hydra
 12142 | D:11     | Killed an eight-headed hydra
 12142 | D:11     | Reached skill level 13 in Maces & Flails
 12502 | Lair:1   | Entered Level 1 of the Lair of Beasts
 12686 | Lair:1   | Found a basalt altar of Yredelemnul.
 12943 | Lair:1   | Learned a level 3 spell: Confuse
 12951 | Lair:1   | Got a twisted trident
 12952 | Lair:1   | Identified the +7 trident of Popular Demand {drain, Str+4} (You found it on level 1 of the Lair of Beasts)
 13052 | Lair:1   | Slain by a blink frog

Skill      XL: |  1  2  3  4  5  6  7  8  9 10 11 |
---------------+----------------------------------+-----
Fighting       | 4 5 7 8 9 |  9.0
Maces & Flails | 3 4 6 8 9 11 12 13 | 13.4
Shields        | 4 6 7 |  7.2
Armour         | 4 6 7 |  7.3
Dodging        | 3 4 |  4.4

Action                   |  1- 3 |  4- 6 |  7- 9 | 10-12 || total
-------------------------+-------+-------+-------+-------++-------
Melee: Flail             |   107 |    90 |       |       ||   197
       Whip              |       |   100 |   602 |   957 ||  1659
       Broad axe         |       |       |       |    14 ||    14
       Trident           |       |       |       |     9 ||     9
Invok: Call Merchant     |       |       |       |     1 ||     1
       Potion Petition   |       |       |       |     2 ||     2
  Use: Scroll            |       |     5 |       |    11 ||    16
       Potion            |       |     1 |       |       ||     1
 Stab: Invisible         |       |       |       |     4 ||     4
       Distracted        |       |       |       |     3 ||     3
  Eat: Beef jerky        |     1 |       |       |     3 ||     4
       Chunk             |     1 |     3 |     4 |       ||     8
       Fruit             |       |     1 |     4 |     3 ||     8
       Pizza             |       |       |     1 |     1 ||     2
       Bread ration      |       |       |     2 |       ||     2
       Meat ration       |       |       |       |     2 ||     2
       Royal jelly       |       |       |       |     1 ||     1
Armor: Scale mail        |    20 |       |       |    23 ||    43
       Chain mail        |    51 |   114 |   213 |   325 ||   703
Dodge: Dodged            |    22 |    38 |    54 |   185 ||   299
Block: Shield            |    48 |    87 |   177 |   284 ||   596
